AoeStats
← QNCMLT

MegaRandom

509217218Analyzed
3v3 RM · 6d ago on Sep 25, 2026· 61m 30s· 6 players
Game mode
Random Map
Map size
Normal (6 player)
Population
200
Speed
Normal
Resources
Standard
Victory
Conquest
Starting age
Dark Age
Ending age
Imperial Age
RankedLock teamsTeams togetherTeam positionsShared explorationLock speedFull tech treeHidden civsTurbo modeCheats
Victory
Defeat
🇨🇳 Teutons · China
521
+15
🇺🇸 Vikings · United States
457
+18
🇦🇷 Britons · Argentina
442
+18
🇪🇸 Sicilians · Spain
528
-18
🇪🇸 Spanish · Spain
508
-18
🇪🇸 Bohemians · Spain
448
-15
Eg_Divine
12:20 Feudal Age
14:53 Double-Bit Axe
21:11 Horse Collar
25:29 Loom
27:51 Stone Mining
27:51 Gold Mining
28:14 Forging
28:05 Scale Mail Armor
28:06 Padded Archer Armor
27:57 Fletching
28:13 Scale Barding Armor
30:51 Castle Age
38:52 Stone Shaft Mining
38:52 Gold Shaft Mining
40:36 Bow Saw
44:48 Imperial Age
43:36 Iron Casting
43:16 Chain Mail Armor
43:18 Leather Archer Armor
42:58 Bodkin Arrow
43:24 Chain Barding Armor
42:35 Pikeman
43:16 Squires
43:02 Arson
43:26 Heavy Plow
48:15 Halberdier
51:18 Bracer
54:57 Wheelbarrow
El_Omi
11:13 Feudal Age
16:19 Castle Age
14:30 Double-Bit Axe
15:06 Horse Collar
20:27 Bow Saw
20:37 Squires
19:58 Man-at-Arms
20:23 Gambesons
21:44 Long Swordsman
23:25 Stone Mining
24:52 Wheelbarrow
24:35 Gold Mining
25:27 Heavy Plow
26:09 Town Watch
29:08 Scale Mail Armor
32:21 Hand Cart
32:08 Town Patrol
33:18 Fervor
34:20 Ballistics
33:50 Guard Tower
33:51 Pikeman
36:05 Stone Shaft Mining
36:29 Masonry
37:36 Caravan
48:19 Imperial Age
48:37 Halberdier
49:29 Thumb Ring
50:14 Conscription
49:16 Elite Conquistador
49:59 Inquisition
50:02 Onager
Nelsinho The Goat
1:47 Loom
11:10 Feudal Age
14:10 Wheelbarrow
24:40 Castle Age
35:19 Pikeman
38:43 Imperial Age
42:04 Cavalier
42:17 Crossbowman
53:18 Husbandry
55:24 Wagenburg Tactics
ruskihitman1
Santi el Rey
1:07 Loom
15:45 Feudal Age
18:47 Double-Bit Axe
18:45 Horse Collar
19:50 Wheelbarrow
19:00 Town Watch
23:47 Gold Mining
23:48 Stone Mining
25:00 Forging
24:50 Scale Mail Armor
24:50 Padded Archer Armor
24:55 Scale Barding Armor
24:41 Fletching
27:43 Castle Age
30:08 Bow Saw
30:01 Heavy Plow
32:21 Gold Shaft Mining
32:36 Hand Cart
32:22 Town Patrol
33:36 Iron Casting
33:16 Chain Mail Armor
33:21 Chain Barding Armor
33:17 Leather Archer Armor
32:57 Bodkin Arrow
44:13 Imperial Age
45:55 Blast Furnace
45:25 Plate Mail Armor
45:31 Plate Barding Armor
44:56 Bracer
45:26 Ring Archer Armor
44:24 Elite Longbowman
45:25 Yeomen
45:07 Warwolf
QNCMLT
14:32 Feudal Age
12:52 Loom
15:20 Man-at-Arms
18:41 Castle Age
17:54 Scale Mail Armor
18:05 Forging
17:48 Double-Bit Axe
18:31 Arson
18:37 Horse Collar
20:00 Bow Saw
19:50 Gambesons
20:07 Squires
22:44 Chain Mail Armor
23:04 Iron Casting
23:12 Stone Mining
26:35 Stone Shaft Mining
27:39 Wheelbarrow
27:34 Heavy Plow
33:18 Ballistics
35:40 Imperial Age
33:54 Fletching
34:13 Scale Barding Armor
34:21 Masonry
34:54 Hand Cart
35:47 Gold Mining
36:24 Bloodlines
35:49 Cavalier
37:05 Chain Barding Armor
37:45 Blast Furnace
38:27 Plate Barding Armor
37:47 Bodkin Arrow
38:32 Guilds
39:06 Crop Rotation
39:38 Two-Man Saw
39:10 Paladin
41:21 Siege Engineers
43:26 Crenellations
45:18 Chemistry
49:25 Hoardings
49:10 Ironclad
49:12 Conscription
49:33 Plate Mail Armor
49:18 Elite Teutonic Knight
Connection lost

Rejoining the realm…

Still unreachable

The connection could not be restored.

Session expired

The server has moved on; the page needs a fresh start.